 Dungeon Crawl Stone Soup version 0.30-a0-371-gad7725a93e (webtiles) character file.

Game seed: 18023996881349884487

1824 night the Frost Mage (level 9, -4/51 (57) HPs)
             Began as a Merfolk Ice Elementalist on Nov 18, 2022.
             Was a Priest of Makhleb.
             Killed by divine providence
             ... invoked by a smoke demon
             ... summoned by the player character
              (16 damage)
             ... on level 6 of the Dungeon on Nov 20, 2022.
             The game lasted 00:17:55 (7373 turns).

night the Frost Mage (Merfolk Ice Elementalist)     Turns: 7373, Time: 00:17:55

HP:   -4/51 (57)    AC:  5    Str:  8    XL:     9   Next: 11%
MP:   4/18          EV: 12    Int: 18    God:    Makhleb [***...]
Gold: 278           SH:  0    Dex: 15    Spells: 9/20 levels left

rFire   . . .      SeeInvis +    y - +0 trident
rCold   . . .      Faith    .    (no shield)
rNeg    . . .      Spirit   .    a - +1 robe
rPois   .          Reflect  .    j - +0 helmet
rElec   .          Harm     .    v - +0 cloak
rCorr   .          Rampage  .    (no gloves)
Will    .....                    (no boots)
Stlth   ++........               (no amulet)
HPRegen 0.28/turn                u - ring of willpower
MPRegen 0.16/turn                D - ring of see invisible

@: weak-willed, heavily drained
A: (nimble swimmer 2), mertail
a: Renounce Religion, Minor Destruction, Lesser Servant of Makhleb


You were on level 6 of the Dungeon.
You worshipped Makhleb.
Makhleb was most pleased with you.
You visited 1 branch of the dungeon, and saw 6 of its levels.
You also visited: Sewer.

You collected 278 gold pieces.

Inventory:

Hand Weapons
 c - a +0 spectral dagger
 p - a +0 spear
 y - a +0 trident (weapon)
Missiles
 i - 33 poisoned darts (quivered)
 l - 44 stones
Armour
 a - a +1 robe (worn)
 j - a +0 helmet (worn)
 v - a +0 cloak (worn)
Jewellery
 u - a ring of willpower (left hand)
 D - a ring of see invisible (right hand)
Wands
 z - a wand of polymorph (4)
 E - a wand of roots (13)
Scrolls
 f - 6 scrolls of identify
 m - 2 scrolls of noise
 n - a scroll of poison
 o - 2 scrolls of amnesia
 q - a scroll of silence
 A - a scroll of fear
 F - a scroll of summoning {unknown}
Potions
 b - 3 potions of magic
 d - 2 potions of haste {unknown}
 e - a potion of flight {unknown}
 g - a potion of brilliance
 h - 2 potions of heal wounds
 k - 2 potions of berserk rage {unknown}
 r - a potion of degeneration {unknown}
 s - 3 potions of might {unknown}
 t - 2 potions of mutation {unknown}
 w - a potion of invisibility {unknown}
 x - 3 potions of curing {unknown}


   Skills:
 - Level 2.6 Dodging
 - Level 2.1 Stealth
 + Level 6.3 Spellcasting
 + Level 6.5 Summonings
 + Level 8.5 Ice Magic


You had 9 spell levels left.
You knew the following spells:

 Your Spells              Type           Power      Damage    Failure   Level
a - Freeze                Ice            100%       1d10      1%          1
b - Frozen Ramparts       Ice            72%        1d11      1%          3
c - Ozocubu's Armour      Ice            36%        N/A       1%          3
d - Summon Ice Beast      Ice/Summ       32%        N/A       5%          4

Your spell library contained the following spells:

 Spells                   Type           Power      Damage    Failure   Level
 Summon Small Mammal      Summ           100%       N/A       1%          1
 Call Canine Familiar     Summ           29%        N/A       2%          3
 Summon Guardian Golem    Hex/Summ       17%        N/A       9%          3
 Blink                    Tloc           10%        N/A       17%         2
 Momentum Strike          Conj/Tloc      10%        3d8       17%         2
 Lesser Beckoning         Tloc           10%        N/A       34%         3


Dungeon Overview and Level Annotations

Branches:
Dungeon (6/15)              Sewer (visited)
 Temple: D:4-7

Altars:
Cheibriados
Makhleb
Nemelex Xobeh
Yredelemnul


Innate Abilities, Weirdness & Mutations

((You are very nimble when in or above water. (Stealth+, EV+, Speed+++)))
Your lower body shifts to a powerful aquatic tail in water.


Message History

The wight closely misses you.
You could not reach far enough!
Your ice beast closely misses the wight.
The wight resists.
The wall freezes the wight.
The wight hits you from afar with a +4 halberd!!
You feel drained.
* * * LOW HITPOINT WARNING * * *
Your ice beast barely misses the wight.
You are too injured to fight recklessly!
You are too injured to fight recklessly!
Your frozen ramparts will break if you move.
Continue?
The frozen ramparts melt away as you move.
The wight barely misses your ice beast.
Your ice beast hits the wight.
Your ice beast freezes the wight.
The wight resists.
The wight barely misses your ice beast.
Your ice beast hits the wight but does no damage.
The wight hits your ice beast with a +4 halberd.
Your ice beast closely misses the wight.
The wight hits your ice beast with a +4 halberd!
Your ice beast hits the wight but does no damage.
The wight hits your ice beast with a +4 halberd!
Your ice beast dies!
Your ice beast disappears in a puff of smoke!
Casting: Freeze (safe; 1% risk of failure)
Confirm with . or Enter, or press ? or * to list all spells.
You don't have enough magic to cast this spell.
Aiming: Polymorph
Press: ? - help, Shift-Dir - straight line, f/p - wight
Aim: a wight, wielding a +4 halberd and wearing a +0 robe (moderately damaged, not susceptible)
Okay, then.
A demon appears!
It doesn't seem very happy.
As you read the scroll labelled DENUCEADAIP, it crumbles to dust.
Magic quickly surges around you.
It was a scroll of vulnerability.
The smoke demon gestures at you. The ball of steam misses you.
Okay, then.
The smoke demon gestures at you. Makhleb smites you!
You die...

..............# .##
..............# .... ####
#>########§##.# !.... ##..##
########.######..... #....#
#.......<§'......... #....#
#.......z.#......... #....#
#.......3.#..>...... #....#
#.......§.#......... #....#
#......@§.#..$..!...
####'######.########+#######.
.###.##.#...## .............#
........)#...# )........#..##
.........#..# .###....##...
.###....###+##


You could see a smoke demon (summoned, weak-willed) and a wight (weak-willed).

Vanquished Creatures
  Prince Ribbit (D:5)
  2 water moccasins
  A centaur (D:5)
  A phantom (D:4)
  4 kobold brigands (Sewer)
  A scorpion (D:5)
  2 killer bees (D:5)
  A nameless horror (D:6)
  A hound (D:4)
  A jelly (D:4)
  An orc priest (D:5)
  An iguana (D:4)
  2 orc wizards (D:5)
  6 gnolls
  8 adders
  2 river rats
  A white imp (D:5)
  2 ufetubi
  8 worms
  2 dart slugs
  4 orcs
  7 bats
  8 endoplasms
  6 giant cockroaches
  9 goblins
  3 hobgoblins
  4 jackals (D:1)
  4 quokkas
  8 ball pythons
  3 frilled lizards
  11 kobolds
  12 rats
127 creatures vanquished.

Vanquished Creatures (collateral kills)
  Sigmund (D:6)
  An ogre (D:5)
  A scorpion (D:6)
  A wight (D:5)
  A killer bee (D:5)
  A jelly (D:6)
  An orc (D:5)
7 creatures vanquished.

Vanquished Creatures (others)
  A plant (D:2)
  4 withered plants (D:2)
5 creatures vanquished.

Grand Total: 139 creatures vanquished

Notes
Turn   | Place    | Note
-------+----------+-------------------------------------------
     0 | D:1      | night the Merfolk Ice Elementalist began the quest for the
                  | Orb.
     0 | D:1      | Reached XP level 1. HP: 13/13 MP: 3/3
   278 | D:1      | Reached XP level 2. HP: 19/19 MP: 1/5
   459 | D:1      | Reached skill level 1 in Summonings
   596 | D:1      | Reached XP level 3. HP: 24/24 MP: 6/6
   600 | D:1      | Learned a level 3 spell: Frozen Ramparts
  1244 | D:2      | Found a faded altar of an unknown god.
  1275 | D:2      | Prayed at the altar of an unknown god.
  1275 | D:2      | Became a worshipper of Makhleb the Destroyer
  1275 | D:2      | Reached * piety under Makhleb
  1665 | D:2      | Reached skill level 5 in Ice Magic
  1665 | D:2      | Reached XP level 4. HP: 5/30 MP: 3/8
  2000 | D:2      | Reached skill level 2 in Summonings
  2014 | D:2      | Learned a level 3 spell: Ozocubu's Armour
  2232 | D:3      | Found a snail-covered altar of Cheibriados.
  3064 | D:4      | Reached XP level 5. HP: 35/35 MP: 0/9
  3376 | D:4      | Reached ** piety under Makhleb
  3380 | D:4      | Noticed an ogre
  3389 | D:4      | Found a basalt altar of Yredelemnul.
  3399 | D:4      | an ogre changed into a water moccasin
  3399 | D:4      | Noticed a water moccasin
  3399 | D:4      | HP: 5/35 [ufetubus (2)]
  3404 | D:4      | Killed a water moccasin
  3405 | D:4      | Reached XP level 6. HP: 36/41 MP: 2/11
  3579 | D:4      | Learned a level 4 spell: Summon Ice Beast
  3740 | D:4      | Reached skill level 6 in Ice Magic
  3746 | D:4      | Found a glowing drain.
  3751 | Sewer    | Entered a sewer
  4335 | Sewer    | Reached XP level 7. HP: 43/46 MP: 7/13
  4994 | D:4      | Found a sparkling altar of Nemelex Xobeh.
  5292 | D:5      | Entered Level 5 of the Dungeon
  5347 | D:5      | Reached skill level 7 in Ice Magic
  5448 | D:5      | Reached XP level 8. HP: 35/52 MP: 11/15
  5555 | D:5      | Found a burning altar of Makhleb.
  5555 | D:5      | Noticed a cacodemon
  5559 | D:5      | Noticed a ynoxinul
  5632 | D:5      | HP: 7/52 [white imp/puff of frost (4)]
  5809 | D:5      | Reached skill level 5 in Spellcasting
  5835 | D:5      | Reached skill level 5 in Summonings
  6065 | D:5      | Identified the +3 falchion of the Wilderness {holy, Str+4}
  6162 | D:5      | Reached *** piety under Makhleb
  6221 | D:5      | Noticed Prince Ribbit
  6241 | D:5      | Killed Prince Ribbit
  6547 | D:5      | Upgraded the game from 0.30-a0-368-g86fb4627a9 to
                  | 0.30-a0-371-gad7725a93e
  6661 | D:6      | Noticed Sigmund
  6674 | D:6      | Killed Sigmund
  6675 | D:6      | Reached skill level 8 in Ice Magic
  6807 | D:6      | Noticed a ynoxinul
  6808 | D:6      | HP: 3/48 [nameless horror[miscasting Summon Ice Beast] (4)]
  6968 | D:5      | Reached XP level 9. HP: 45/57 MP: 2/18
  7082 | D:5      | HP: 8/57 [poisoned by a killer bee]
  7371 | D:6      | Noticed a smoke demon
  7373 | D:6      | Killed from afar by a smoke demon

Illustrated notes

Levels and vault maps discovered:
D:1:      amcnicky_arrival_abandoned_market, layout_basic
D:2:      minmay_diamond_boxcup, layout_loops_ring,
          shapermc_ecumenical_altar_flowoftime
D:3:      layout_rooms, mainiacjoe_overflow_tiny_flanked,
          serial_co_window_serial, co_window_paths_a, co_window_corner_a,
          co_window_paths_b, co_window_paths_b, co_window_corner_a,
          co_window_of_opportunity_c, co_window_of_opportunity_b,
          co_window_cross_3, co_window_broadway_c, co_window_corner_b,
          co_window_paths_c, glass_columns_b, glass_columns_b, glass_columns_b,
          glass_columns_a
D:4:      layout_loops_ring, mainiacjoe_overflow_chevrons,
          mainiacjoe_overflow_brackets, gup_sewer_entry_bowl
D:5:      layout_loops_ring, makhleb_altar_promises_db, uniq_prince_ribbit1
D:6:      layout_gridville, minmay_misc_feat_iff, uniq_sigmund, uniq_grinder

Skill      XL: |  1  2  3  4  5  6  7  8 |
---------------+-------------------------+-----
Summonings     | 1 2 3 4 6 |  6.5
Ice Magic      | 5 6 7 8 |  8.5
Spellcasting   | 3 4 6 |  6.3
Dodging        | |  2.6
Stealth        | |  2.1

Action                   |  1- 3 |  4- 6 |  7- 9 || total
-------------------------+-------+-------+-------++-------
Melee: Dagger            |    69 |       |       ||    69
       Punch             |     2 |     1 |       ||     3
       Spear             |       |    45 |       ||    45
       Trident           |       |    51 |   125 ||   176
       Tailslap          |       |     5 |     6 ||    11
Throw: Dart              |       |     1 |       ||     1
 Cast: Freeze            |    33 |    22 |    17 ||    72
       Frozen Ramparts   |     3 |    23 |    23 ||    49
       Ozocubu's Armour  |       |     3 |     8 ||    11
       Summon Ice Beast  |       |       |     9 ||     9
Invok: Lesser Servant of |       |       |     2 ||     2
Evoke: Wand              |       |     2 |     1 ||     3
  Use: Scroll            |     7 |     3 |     3 ||    13
       Potion            |       |     2 |     1 ||     3
 Stab: Sleeping          |     5 |     6 |     1 ||    12
       Distracted        |       |     1 |       ||     1
Armor: Robe              |    25 |    30 |    64 ||   119
Dodge: Dodged            |    53 |    66 |   145 ||   264

Table legend: (Time is in decaauts)
 A = Elapsed time spent in this place.
 B = Non-inter-level travel time spent in this place.
 C = Inter-level travel time spent in this place.
 D = Time resting spent in this place.
 E = Time spent auto-exploring this place.
 F = Levels seen in this place.
 G = Mean time per level.
                   A        B        C        D        E       F      G
               +--------+--------+--------+--------+--------+-----+--------+
         Total |   7314 |   7070 |    244 |   1027 |   4705 |   7 | 1044.9 |
       Dungeon |   6343 |   6099 |    244 |    986 |   3991 |   6 | 1057.2 |
         Sewer |    971 |    971 |      0 |     41 |    713 |   1 |  971.0 |
               +--------+--------+--------+--------+--------+-----+--------+

Top non-repeatable levels by time:
     D:5: 1840 daAuts
     D:4: 1199 daAuts
     D:1: 1162 daAuts
     D:2: 1030 daAuts
   Sewer: 971 daAuts
     D:3: 845 daAuts
     D:6: 265 daAuts
